 Dungeon Crawl Stone Soup version 0.27.1 (webtiles) character file.

Game seed: 8934636529561719963

120 nxtlvl the Poker (level 5, -3/38 HPs)
             Began as a Human Gladiator on Aug 24, 2021.
             Killed from afar by Natasha (5 damage)
             ... with a magic dart
             ... on level 3 of the Dungeon.
             The game lasted 00:05:06 (691 turns).

nxtlvl the Poker (Human Gladiator)                   Turns: 691, Time: 00:05:06

Health: -3/38      AC: 10    Str: 14    XL:     5   Next: 25%
Magic:  5/5        EV:  6    Int:  9    God:
Gold:   73         SH:  0    Dex: 15    Spells: 4/4 levels left

rFire    . . .     SeeInvis .   a - +0 trident
rCold    . . .     Faith    .   (no shield)
rNeg     + . .     Spirit   .   d - +0 chain mail
rPois    .         Reflect  .   c - +0 helmet
rElec    .         Harm     .   (no cloak)
rCorr    .         Rampage  .   (no gloves)
Will     .....                  e - +0 pair of boots
Stlth    ..........             (no amulet)
HPRegen  0.12/turn              g - ring of positive energy
MPRegen  0.09/turn              (no ring)

@: no status effects
A: no striking features
a: no special abilities


You were on level 3 of the Dungeon.
You visited 1 branch of the dungeon, and saw 4 of its levels.

You collected 73 gold pieces.

Inventory:

Hand Weapons
 a - a +0 trident (weapon)
 h - a +1 vorpal spear
Missiles
 b - 20 sling bullets
 j - 15 arrows
 l - a throwing net (quivered)
Armour
 c - a +0 helmet (worn)
 d - a +0 chain mail (worn)
 e - a +0 pair of boots (worn)
Jewellery
 g - a ring of positive energy (left hand)
Wands
 m - a wand of charming (9)
Scrolls
 n - a scroll of blinking {unknown}
Potions
 f - 2 potions of lignification {unknown}
 i - a potion of berserk rage {unknown}
 k - a potion of invisibility {unknown}
 o - a potion of might {unknown}
 p - a potion of haste {unknown}
 q - a potion of brilliance {unknown}


   Skills:
 - Level 2.0 Fighting
 * Level 5.5 Polearms
 - Level 2.0 Throwing
 - Level 3.0 Dodging


You had 4 spell levels left.
You didn't know any spells.
Your spell library was empty.

Dungeon Overview and Level Annotations

Branches:
Dungeon (4/15)
 Temple: D:4-7

Altars:

Shops:
D:3 *   D:4 *

Annotations:
D:3 Natasha


Message History

The frilled lizard hisses angrily.
There is a stone staircase leading down here.
Reach: a) +0 trident
Press: ? - help, Dir - move target, f - frilled lizard
Aim: a frilled lizard (about 62% to evade your +0 trident)
You reach to attack!
You puncture the frilled lizard!
You kill the frilled lizard!
There is a stone staircase leading up here.
Natasha, Servant of Life and Death comes into view.
Natasha hisses angrily.
Natasha casts a spell at you. The magic dart hits you!
* * * LOW HITPOINT WARNING * * *
You hit Natasha.
Natasha is moderately wounded.
Natasha claws you!
* * * LOW HITPOINT WARNING * * *
You hit Natasha.
Natasha is heavily wounded.
Natasha claws you but does no damage.
You closely miss Natasha.
Natasha is heavily wounded.
Natasha claws you but does no damage.
You barely miss Natasha.
Natasha is heavily wounded.
Natasha claws you but does no damage.
You closely miss Natasha.
Natasha is heavily wounded.
Natasha stares at you and mumbles some strange words.
The magic dart hits you but does no damage.
You puncture Natasha!
Natasha is almost dead.
Natasha claws you.
* * * LOW HITPOINT WARNING * * *
You barely miss Natasha.
Natasha is almost dead.
Natasha growls.
Natasha stares at you and mumbles some strange words.
The magic dart hits you.
You die...

.....#.# ####.....#
.....#.######.....#
#.#.#......##...###.#
#..........'........#
...........##...#####
.....#o######..<#..
.....#.# #.#.#.#
.......#
####.#.#.######
.......#
#......@h......
.......#
#.##$##########
......∩# #$# .....g.#
#.# .......# #.
..†....## ..†.....#
........# #'####...#


You could see Natasha.

Vanquished Creatures
  Natasha (twice) (D:3)
  Terence (D:3)
  2 adders (D:3)
  2 ball pythons (D:3)
  3 bats (D:3)
  3 endoplasms
  2 giant cockroaches (D:3)
  3 goblins
  3 hobgoblins
  3 frilled lizards (D:3)
  2 kobolds
  A rat (D:3)
27 creatures vanquished.

Notes
Turn   | Place    | Note
-------+----------+-------------------------------------------
     0 | D:1      | nxtlvl the Human Gladiator began the quest for the Orb.
     0 | D:1      | Reached XP level 1. HP: 16/16 MP: 1/1
   159 | D:3      | Noticed Natasha
   162 | D:3      | Reached XP level 2. HP: 22/22 MP: 2/2
   171 | D:3      | Killed Natasha
   172 | D:3      | Reached skill level 4 in Polearms
   172 | D:3      | Reached XP level 3. HP: 22/27 MP: 3/3
   176 | D:3      | Found Fedworem's Assorted Antiques.
   187 | D:3      | Noticed Natasha
   192 | D:3      | Killed Natasha
   193 | D:3      | Reached XP level 4. HP: 29/33 MP: 4/4
   297 | D:3      | Reached skill level 5 in Polearms
   399 | D:3      | Noticed Terence
   409 | D:3      | Killed Terence
   410 | D:3      | Reached XP level 5. HP: 5/38 MP: 5/5
   645 | D:4      | Found Gois's Lightly-Used Armoury.
   683 | D:3      | Noticed Natasha
   691 | D:3      | Killed from afar by Natasha

Illustrated notes

Levels and vault maps discovered:
D:1:      scummos_arrival_gate, layout_basic, serial_forest,
          infiniplex_forest_clump_tiny, infiniplex_forest_end_double,
          infiniplex_forest_clump_small, infiniplex_forest_straight_5,
          infiniplex_forest_clump_double, shapermc_ecumenical_altar_venn,
          minmay_misc_feat_tower, minmay_misc_feat_x
D:2:      layout_loops_ring, basic_altar, minmay_misc_feat_columns,
          minmay_misc_feat_plants, minmay_tromino_mix6
D:3:      layout_basic, serial_shops, shop, st_stairs_14, minmay_pentangle,
          uniq_natasha, uniq_ijyb, uniq_terence, uniq_sigmund
D:4:      layout_gridville, minmay_misc_feat_rows,
          chequers_serial_rivers_micro_d, minmay_shop_damaged,
          minmay_shop_enchanted_jewellery

Skill      XL: |  1  2  3  4 |
---------------+-------------+-----
Polearms       | 4 5 |  5.5
Fighting       | |  2.0
Throwing       | |  2.0
Dodging        | |  3.0

Action                   |  1- 3 |  4- 6 || total
-------------------------+-------+-------++-------
Melee: Trident           |    18 |    88 ||   106
Throw: Throwing net      |     1 |     1 ||     2
 Stab: Sleeping          |     1 |       ||     1
       Held in net/web   |     1 |     1 ||     2
Armor: Leather armour    |       |     8 ||     8
       Chain mail        |       |    28 ||    28
Dodge: Dodged            |     7 |    38 ||    45
